 Dungeon Crawl Stone Soup version 0.28-a0-1389-gc726bef33b (webtiles) character file.

Game seed: 18302879160476717892

373 siradein the Skirmisher (level 6, 0/64 (68) HPs)
             Began as an Ogre Berserker on Jan 4, 2022.
             Was a Believer of Trog.
             Slain by Eustachio (5 damage)
             ... on level 4 of the Dungeon.
             The game lasted 00:12:06 (3948 turns).

siradein the Skirmisher (Ogre Berserker)            Turns: 3948, Time: 00:12:06

HP:   0/64 (68)     AC:  3    Str: 24      XL:     6   Next: 72%
MP:   2/2           EV: 10    Int:  8      God:    Trog [**....]
Gold: 128           SH:  0    Dex:  7 (8)  Spells: 5/5 levels left

rFire   . . .      SeeInvis .   d - +0 dagger (antimagic)
rCold   . . .      Faith    .   i - orb {*Rage}
rNeg    . . .      Spirit   .   b - +0 animal skin
rPois   .          Reflect  .   (helmet restricted)
rElec   .          Harm     .   (no cloak)
rCorr   .          Rampage  .   (gloves unavailable)
Will    .....      Rage     20% (boots unavailable)
Stlth   +.........              (no amulet)
HPRegen 0.20/turn               (no ring)
MPRegen 0.08/turn               (no ring)

@: on berserk cooldown, slowed, drained, very slow
A: large, unfitting armour, tough skin 1
a: Renounce Religion, Berserk, Trog's Hand


You were on level 4 of the Dungeon.
You worshipped Trog.
Trog was pleased with you.
You visited 1 branch of the dungeon, and saw 4 of its levels.

You collected 152 gold pieces.
You spent 24 gold pieces at shops.

Inventory:

Hand Weapons
 d - a +0 antimagic dagger (weapon)
 k - a +0 vorpal mace
Armour
 b - a +0 animal skin (worn)
 i - an orb of wrath (worn)
Jewellery
 e - a ring of fire
Wands
 a - a wand of polymorph (5)
Scrolls
 c - a scroll of blinking
 f - 2 scrolls of teleportation
 h - a scroll of magic mapping
 j - a scroll of fear {unknown}
Potions
 g - a potion of curing
 l - a potion of invisibility {unknown}


   Skills:
 + Level 6.4 Fighting
 + Level 4.4 Maces & Flails
 + Level 4.3 Dodging


You had 5 spell levels left.
You didn't know any spells.
Your spell library was empty.

Dungeon Overview and Level Annotations

Branches:
Dungeon (4/15)
 Temple: D:4-7

Altars:

Shops:
D:2 :?[?*

Annotations:
D:4 Eustachio


Innate Abilities, Weirdness & Mutations

You are too large for most types of armour.
You have tough skin. (AC +1)


Message History

The quasit bites you but does no damage.
The quasit claws you but does no damage.
The quasit misses you. The shadow imp hits you.
Eustachio hits you with a +2 rapier of draining!
* * * LOW HITPOINT WARNING * * *
You feel drained.
* * * LOW HITPOINT WARNING * * *
The river rat barely misses you.
The crimson imp hits you but does no damage.
The shadow imp barely misses you.
The quasit bites you but does no damage.
The quasit barely misses you.
The quasit claws you but does no damage.
You hit Eustachio.
Eustachio's magic leaks into the air.
Eustachio is lightly wounded.
The quasit bites you.
* * * LOW HITPOINT WARNING * * *
The quasit claws you but does no damage.
The quasit closely misses you. The river rat misses you.
Eustachio hits you with a +2 rapier of draining.
* * * LOW HITPOINT WARNING * * *
You feel drained.
* * * LOW HITPOINT WARNING * * *
The crimson imp blinks!
The shadow imp hits you but does no damage.
The quasit closely misses you. The quasit barely misses you.
The quasit closely misses you.
Eustachio gestures wildly while chanting.
Eustachio blinks!
The river rat bites you.
* * * LOW HITPOINT WARNING * * *
You hit Eustachio but do no damage.
Eustachio is lightly wounded.
The shadow imp hits you.
* * * LOW HITPOINT WARNING * * *
The quasit bites you.
* * * LOW HITPOINT WARNING * * *
The quasit claws you but does no damage. x2
The river rat barely misses you.
Eustachio hits you with a +2 rapier of draining.
You die...

#.##..# #.#..#
#...# ##.<#######
#..........
#.#.#.†#######
###.##..#
........########.
#####...r@@r.....
.......?.55b####.
........###r#
######### .# #


You could see Eustachio (magic disrupted), a quasit (summoned), 2 river rats, a
shadow imp (summoned), a quokka (summoned) and a bat (summoned).

Vanquished Creatures
  Sigmund (D:3)
  A hound (D:3)
  Jessica (D:3)
  An iguana (D:3)
  Ijyb (D:3)
  Terence (D:2)
  3 adders
  A dart slug (D:2)
  4 endoplasms
  7 hobgoblins
  4 jackals (D:3)
  7 kobolds
  A ball python (D:2)
  8 bats
  3 frilled lizards
  3 goblins
  3 rats
50 creatures vanquished.

Notes
Turn   | Place    | Note
-------+----------+-------------------------------------------
     0 | D:1      | siradein the Ogre Berserker began the quest for the Orb.
     0 | D:1      | Reached XP level 1. HP: 24/24 MP: 1/1
   372 | D:1      | Reached XP level 2. HP: 32/32 MP: 2/2
  1316 | D:2      | Reached ** piety under Trog
  1320 | D:2      | Noticed Terence
  1331 | D:2      | Killed Terence
  1332 | D:2      | Reached XP level 3. HP: 27/40 MP: 3/3
  1619 | D:2      | Found Hyimelik's Antique Armour Shoppe.
  1789 | D:2      | Found Limi Xoenod's General Store.
  1864 | D:2      | Bought a scroll of identify for 24 gold pieces
  1894 | D:2      | Found Celameun's Magic Scroll Shoppe.
  1970 | D:2      | Found Puyzamay's Book Emporium.
  2083 | D:2      | Found Foxuism's Magic Scroll Shoppe.
  2194 | D:2      | Reached XP level 4. HP: 48/49 MP: 4/4
  2558 | D:3      | Reached skill level 5 in Fighting
  2817 | D:3      | Reached XP level 5. HP: 36/57 MP: 5/5
  3611 | D:3      | Noticed Ijyb
  3613 | D:3      | Noticed Jessica
  3627 | D:3      | Killed Jessica
  3630 | D:3      | Killed Ijyb
  3645 | D:3      | Noticed Sigmund
  3650 | D:3      | Found a faded altar of an unknown god.
  3650 | D:3      | Noticed a great orb of eyes
  3651 | D:3      | Noticed a floating eye
  3661 | D:3      | Killed Sigmund
  3662 | D:3      | Reached skill level 6 in Fighting
  3662 | D:3      | Reached XP level 6. HP: 68/68 MP: 2/6
  3701 | D:3      | Noticed a great orb of eyes
  3701 | D:3      | Noticed a shining eye
  3938 | D:4      | Noticed Eustachio
  3948 | D:4      | Slain by Eustachio

Illustrated notes

Levels and vault maps discovered:
D:1:      minmay_arrival_four_loops, layout_basic
D:2:      layout_basic, serial_shops, shop_statue, shop, shop,
          nicolae_shop_crystal, nicolae_shop_temple_entry_statues_fountains,
          uniq_terence
D:3:      layout_basic, hellmonk_ecumenical_altar_watching_god,
          chequers_serial_rivers_micro_c, minmay_cupped, uniq_ijyb,
          uniq_sigmund, uniq_jessica
D:4:      layout_loops_ring, temple_green, lightli_sewer_entry_pipes,
          uniq_pikel, uniq_duvessa, uniq_edmund, uniq_eustachio

Skill      XL: |  1  2  3  4  5 |
---------------+----------------+-----
Maces & Flails | 3 4 |  4.4
Dodging        | 3 4 |  4.3
Fighting       | 5 6 |  6.4

Action                   |  1- 3 |  4- 6 || total
-------------------------+-------+-------++-------
Melee: Mace              |   115 |    80 ||   195
       Dagger            |       |    14 ||    14
       Unarmed           |       |     8 ||     8
Invok: Berserk           |     1 |     1 ||     2
  Use: Scroll            |     4 |       ||     4
 Stab: Sleeping          |     1 |       ||     1
Armor: Animal skin       |    44 |    53 ||    97
Dodge: Dodged            |    77 |    89 ||   166

Table legend: (Time is in decaauts)
 A = Elapsed time spent in this place.
 B = Non-inter-level travel time spent in this place.
 C = Inter-level travel time spent in this place.
 D = Time resting spent in this place.
 E = Time spent auto-exploring this place.
 F = Levels seen in this place.
 G = Mean time per level.
                   A        B        C        D        E       F      G
               +--------+--------+--------+--------+--------+-----+--------+
         Total |   4023 |   3934 |     89 |      2 |   3316 |   4 | 1005.8 |
       Dungeon |   4023 |   3934 |     89 |      2 |   3316 |   4 | 1005.8 |
               +--------+--------+--------+--------+--------+-----+--------+

Top non-repeatable levels by time:
     D:3: 1541 daAuts
     D:2: 1232 daAuts
     D:1: 1229 daAuts
     D:4: 20 daAuts
